 Dungeon Crawl Stone Soup version 0.23-a0-358-g98c7a59 (webtiles) character file.

56 Cryolive the Digger (level 3, -1/19 HPs)
             Began as a Gargoyle Earth Elementalist on Oct 22, 2018.
             Killed from afar by Sigmund (3 damage)
             ... with a magic dart
             ... on level 2 of the Dungeon.
             The game lasted 00:06:22 (1455 turns).

Cryolive the Digger (Gargoyle Earth Elementalist)   Turns: 1455, Time: 00:06:23

Health: -1/19      AC:  5    Str: 11    XL:     3   Next: 95%
Magic:  6/7        EV: 12    Int: 16    God:
Gold:   84         SH:  0    Dex: 10    Spells: 7/8 levels left

rFire    . . .     SeeInvis .   a - +0 mace
rCold    . . .     Gourm    .   (no shield)
rNeg     + . .     Faith    .   c - +0 robe
rPois    ∞         Spirit   .   (no helmet)
rElec    +         Reflect  .   (no cloak)
rCorr    .         Harm     .   (no gloves)
MR       .....                  (no boots)
Stlth    ++........             (no amulet)
HPRegen  0.06/turn              (no ring)
MPRegen  0.10/turn              (no ring)

@: no status effects
A: negative energy resistance 1, electricity resistance, unbreathing,
petrification resistance, rot immunity, AC +3
a: no special abilities


You were on level 2 of the Dungeon.
You were hungry.

You visited 1 branch of the dungeon, and saw 2 of its levels.

You collected 84 gold pieces.

Inventory:

Hand Weapons
 a - a +0 mace (weapon)
Missiles
 b - 44 stones (quivered)
Armour
 c - a +0 robe (worn)
Jewellery
 m - a +4 ring of dexterity {unknown}
Scrolls
 e - a scroll of fog {unknown}
 f - 2 scrolls of teleportation {unknown}
 g - a scroll of remove curse {unknown}
 h - 3 scrolls of identify {unknown}
 i - a scroll of enchant armour {unknown}
 j - a scroll of random uselessness {unknown}
Potions
 k - a potion of berserk rage {unknown}
 l - 3 potions of cancellation {unknown}
 n - a potion of curing {unknown}
Comestibles
 d - 3 rations


   Skills:
 - Level 1.5 Dodging
 - Level 2.1 Stealth
 + Level 3.0 Spellcasting
   Level 0.7 Transmutations
 + Level 4.7 Earth Magic


You had 7 spell levels left.
You knew the following spells:

 Your Spells              Type           Power        Failure   Level  Hunger
a - Sandblast             Erth           ###...       2%          1    #......

Your spell library contained the following spells:

 Spells                   Type           Power        Failure   Level  Hunger
 Passwall                 Tmut/Erth      ##......     9%          2    ##.....
 Stone Arrow              Conj/Erth      ##....       22%         3    ###....
 Petrify                  Tmut/Erth      ##......     52%         4    #####..
 Lee's Rapid Deconstruct  Erth           ###.......   58%         5    ######.


Dungeon Overview and Level Annotations

Branches:
Dungeon (2/15)

Altars:

Annotations:
D:2 Natasha, Sigmund


Innate Abilities, Weirdness & Mutations

You are resistant to torment.
Your stone body is resilient. (AC +3)
You are immune to poison.
You resist negative energy. (rN+)
You are resistant to electric shocks. (rElec)
You can survive without breathing.
You are immune to petrification.
You are immune to rotting.


Message History

Ye cannae see any susceptible monsters within range! (Use Z ta cast anyway.) Castin': Sandblast (safe; 2% risk o' failure) Confirm wit' . or Enter, or press ? or * ta list all spells.
Aimin': Sandblast (safe; 2% risk o' failure)
Press: ? - help, Shift-Dir - straight line, f - Sigmund
Aim: Sigmund, wieldin' a +0 scytha an' wearin' a +0 robe Tha blast o' sand hits Sigmund.
Sigmund be moderately wounded.
b - 44 stones Sigmund gestures at ye while chantin'.
Tha magic dart hits ye!
Sigmund casts a spell.
Sigmund flickers an' vanishes!
Deactivatin' autopickup; reactivate wit' Ctrl-A.
Ye hit somethin'.
Somethin' hits ye!
Ouch! Tha re'lly hurt!
* * * LOW HITPOINT WARNIN'
* * * A magic dart appears from outta thin air!
Tha magic dart hits ye!
Ye die...

...... .# #.
#....####. .# #
#..#......... .#.#
#..#......... .#.
#..#...!..... ..
........... .#
........#.##########.#
.....># #.....{.@....#
......# #....#########
......# #.....######
......# #..........#
#.....# #......###.#
#.....######...# #.#
#........###...# #.#
#..........#...# #.#
#..............# #.#


There were no monsters in sight!

Vanquished Creatures
  3 oozes
  2 dart slugs (D:1)
  A leopard gecko (D:1)
  7 goblins
  4 hobgoblins
  4 jackals (D:2)
  8 bats
  A frilled lizard (D:1)
  8 rats
38 creatures vanquished.

Notes
Turn   | Place    | Note
-------+----------+-------------------------------------------
     0 | D:1      | Cryolive the Gargoyle Earth Elementalist began the quest
                  | for the Orb.
     0 | D:1      | Reached XP level 1. HP: 10/10 MP: 3/3
    66 | D:1      | Reached XP level 2. HP: 15/15 MP: 3/5
    81 | D:1      | Reached skill level 4 in Earth Magic
   593 | D:1      | Reached XP level 3. HP: 9/19 MP: 6/6
   874 | D:2      | Noticed Sigmund
  1188 | D:2      | Noticed Natasha
  1455 | D:2      | Killed from afar by Sigmund

Vault maps used:
D:1:      sevenhm_arrival_forest_fort_small_6
D:2:      first_ration, minmay_misc_feat_rows, uniq_sigmund, uniq_natasha

Skill      XL: |  1  2  3 |
---------------+----------+-----
Earth Magic    | 4 |  4.7
Spellcasting   | 3 |  3.0
Dodging        | |  1.5
Stealth        | |  2.1
Transmutations | |  0.7

Action                   || total
-------------------------++-------
Melee: Mace              ||    94
       Unarmed           ||     2
 Cast: Sandblast         ||     7
 Stab: Sleeping          ||     2
  Eat: Chunk             ||     1
Armor: Robe              ||    44
Dodge: Dodged            ||    61

Table legend:
 A = Non-vault XP
 B = Vault XP
 C = Vault XP percentage of total XP
 D = Non-vault monster count
 E = Vault monster count
 F = Vault count percentage of total count
                 A         B        C        D         E       F
            +---------+---------+-------+---------+---------+-------
      Total |      80 |       0 |   0.0 |      38 |       0 |   0.0
            +---------+---------+-------+---------+---------+-------
        D:1 |      44 |       0 |   0.0 |      23 |       0 |   0.0
        D:2 |      36 |       0 |   0.0 |      15 |       0 |   0.0
            +---------+---------+-------+---------+---------+-------
